 Dungeon Crawl Stone Soup version 0.23.2-1-ga50397a (webtiles) character file.

Game seed: 1785596362219714571

5290 Kairos the Grappler (level 10, -15/81 HPs)
             Began as a Ghoul Monk on Apr 24, 2019.
             Was a High Priest of Okawaru.
             Demolished by a fire giant (21 damage)
             ... on level 1 of the Lair of Beasts.
             The game lasted 00:17:59 (7557 turns).

Kairos the Grappler (Ghoul Monk)                    Turns: 7557, Time: 00:18:00

Health: -15/81     AC: 12    Str: 25    XL:     10   Next: 63%
Magic:  9/11       EV: 15    Int:  5    God:    Okawaru [*****.]
Gold:   109        SH:  0    Dex: 11    Spells: 9/9 levels left

rFire    . . .     SeeInvis .     - Unarmed
rCold    + . .     Gourm    .   (no shield)
rNeg     + + +     Faith    .   M - +0 scale mail
rPois    ∞         Spirit   .   D - +0 helmet
rElec    .         Reflect  .   k - +0 cloak
rCorr    .         Harm     .   (no gloves)
MR       .....                  (no boots)
Stlth    +++.......             P - amulet of regeneration
HPRegen  0.00/turn              B - +3 ring of slaying
MPRegen  0.12/turn              s - +6 ring of strength

@: heroism, rotting
A: rotting body, claws 1, carnivore, cold resistance 1, negative energy
resistance 3, inhibited regeneration, torment resistance, unbreathing
a: Heroism, Finesse, Renounce Religion


You were on level 1 of the Lair of Beasts.
You worshipped Okawaru.
Okawaru was extremely pleased with you.
You were not hungry.

You visited 3 branches of the dungeon, and saw 10 of its levels.

You collected 571 gold pieces.
You spent 462 gold pieces at shops.

Inventory:

Hand Weapons
 i - a +3 dagger of protection
 w - a +1 whip of freezing
 I - a +0 morningstar of draining
Missiles
 x - a throwing net (quivered)
Armour
 a - a +0 robe
 c - a +0 ring mail
 k - a +0 cloak (worn)
 D - a +0 helmet (worn)
 M - a +0 scale mail (worn)
Jewellery
 j - an uncursed ring of resist corrosion
 s - a +6 ring of strength (right claw)
 B - a +3 ring of slaying (left claw)
 C - an uncursed amulet of harm
 G - a +2 amulet of reflection
 P - an amulet of regeneration (around neck)
Wands
 l - a wand of polymorph (7)
 t - a wand of flame (5)
 E - a wand of iceblast (4)
Scrolls
 e - 3 scrolls of enchant armour {unknown}
 f - 2 scrolls of random uselessness
 g - 2 scrolls of enchant weapon
 h - 6 scrolls of remove curse
 n - 10 scrolls of teleportation
 q - 3 scrolls of blinking {unknown}
 u - 2 scrolls of fear {unknown}
 y - 4 scrolls of amnesia {unknown}
 F - a scroll of vulnerability {unknown}
 K - a scroll of magic mapping {unknown}
 L - 2 scrolls of noise {unknown}
Potions
 d - 3 potions of might
 m - 2 potions of brilliance
 o - a potion of magic {unknown}
 p - a potion of cancellation {unknown}
 r - 2 potions of curing {unknown}
 v - a potion of heal wounds
 z - 2 potions of invisibility
 A - a potion of berserk rage {unknown}
 H - a potion of mutation {unknown}
 J - 2 potions of lignification {unknown}
 N - a potion of flight {unknown}
 O - a potion of haste {unknown}
Comestibles
 b - 16 rations
 Q - 4 chunks of flesh


   Skills:
 + Level 5.5(10.5) Fighting
 + Level 6.4(11.4) Armour
 + Level 5.2(10.2) Dodging
 + Level 4.8(9.8) Stealth
 + Level 11.8(16.8) Unarmed Combat
 + Level 2.8 Invocations
 + Level 3.1 Evocations


You had 9 spell levels left.
You didn't know any spells.
Your spell library was empty.

Dungeon Overview and Level Annotations

Branches:
Dungeon (8/15)             Temple (1/1) D:4            Lair (1/6) D:8

Altars:
Ashenzari
Cheibriados
Dithmenos
Elyvilon
Fedhas
Gozag
Hepliaklqana
Kikubaaqudgha
Makhleb
Nemelex Xobeh
Okawaru
Sif Muna
Trog
Uskayaw
Vehumet
Wu Jian
Xom
Yredelemnul
Zin
The Shining One

Shops:
D:8 =


Innate Abilities, Weirdness & Mutations

Your body is rotting away.
You thrive on raw meat.
You are immune to poison.
You have sharp fingernails.
You are carnivorous and can eat meat at any time.
Your flesh is cold resistant. (rC+)
You are immune to negative energy. (rN+++)
You do not regenerate when monsters are visible.
You are immune to unholy pain and torment.
You can survive without breathing.


Message History

Aim: a six-headed hydra (chance to defeat MR: 22%)
The six-headed hydra evaporates and reforms as a fire giant!
Press: ? - help, v - describe, . - travel
Here: a fire giant The floor.
Unknown command.
You are now empty-clawed.
You gain the combat prowess of a mighty hero.
You fail to use your ability.
The fire giant gestures at you while chanting.
The bolt of fire hits you!!!
* * * LOW HITPOINT WARNING * * *
You hear an angry hiss.
A water moccasin comes into view.
The fire giant hits you!
* * * LOW HITPOINT WARNING * * *
You claw the fire giant!
The fire giant is lightly wounded.
The fire giant hits you!!
You die...

.. .....##........##
..[... #...(#.#........#
...... #..............#
......###........#P...##
.....(.P#..##...P##..##
...........#.......#.P#
..............##.######
...S......########
......C@...#
........#### ##.....##
##...# ###. ##


You could see a fire giant and a water moccasin.

Vanquished Creatures
  A two-headed ogre (D:8)
  Pikel (D:6)
  A komodo dragon (D:8)
  Grinder (D:6)
  Prince Ribbit (D:7)
  A hippogriff (D:8)
  Eustachio (D:6)
  A basilisk (Lair:1)
  Menkaure (D:7)
  Duvessa (D:4)
  2 porcupines (Lair:1)
  3 sky beasts
  3 phantoms (D:4)
  An ice beast (D:5)
  2 ogres (D:6)
  A centaur (D:5)
  A big kobold (D:7)
  6 bullfrogs
  Dowan (D:4)
  2 scorpions
  3 wights (D:8)
  3 howler monkeys
  A crimson imp (D:5)
  A quasit (D:8)
  A bullfrog zombie (D:5)
  6 hounds
  A jelly (D:8)
  2 orc priests
  Ijyb (D:4)
  4 orc wizards
  9 worker ants
  2 hound skeletons (D:8)
  A howler monkey zombie (D:6)
  9 adders
  A shadow imp (D:7)
  An ooze (D:5)
  An adder zombie (D:7)
  3 worms
  7 dart slugs
  4 leopard geckos
  12 orcs
  3 giant cockroaches
  9 hobgoblins
  12 kobolds
  3 quokkas
  6 bats
  8 frilled lizards
  7 goblins
  A leopard gecko skeleton (D:8)
  A quokka skeleton (D:4)
  4 rats
159 creatures vanquished.

Vanquished Creatures (others)
  A slave (D:6)
  2 plants (D:8)
3 creatures vanquished.

Grand Total: 162 creatures vanquished

Notes
Turn   | Place    | Note
-------+----------+-------------------------------------------
     0 | D:1      | Kairos the Ghoul Monk began the quest for the Orb.
     0 | D:1      | Reached XP level 1. HP: 19/19 MP: 0/0
   146 | D:1      | Reached XP level 2. HP: 26/26 MP: 1/1
   416 | D:1      | Reached XP level 3. HP: 20/33 MP: 2/2
   849 | D:2      | Reached skill level 4 in Unarmed Combat
   872 | D:2      | Found an ornate altar of the Wu Jian Council.
   976 | D:2      | Reached XP level 4. HP: 40/40 MP: 3/3
  1016 | D:2      | Found a bloodstained altar of Trog.
  1027 | D:2      | Reached skill level 1 in Armour
  1415 | D:2      | Found an opulent altar of Gozag.
  1415 | D:2      | Found a sparkling altar of Nemelex Xobeh.
  1853 | D:3      | Reached XP level 5. HP: 43/46 MP: 4/4
  2025 | D:4      | Found a staircase to the Ecumenical Temple.
  2025 | D:4      | Noticed Ijyb
  2033 | D:4      | Killed Ijyb
  2033 | D:4      | Reached skill level 5 in Unarmed Combat
  2257 | D:4      | Noticed a phantom
  2272 | Temple   | Entered the Ecumenical Temple
  2408 | Temple   | Became a worshipper of Warmaster Okawaru
  2408 | Temple   | Reached * piety under Okawaru
  2408 | Temple   | Reached ** piety under Okawaru
  3196 | D:4      | Reached XP level 6. HP: 39/52 MP: 5/5
  3216 | D:4      | Noticed a phantom
  3259 | D:4      | Killed a phantom
  3282 | D:4      | Noticed Duvessa
  3282 | D:4      | Noticed Dowan
  3316 | D:4      | Killed Duvessa
  3316 | D:4      | Reached skill level 6 in Unarmed Combat
  3316 | D:4      | Reached XP level 7. HP: 19/59 MP: 3/6
  3327 | D:4      | HP: 1/59 [Dowan/stone arrow (9)]
  3331 | D:4      | Killed Dowan
  3734 | D:4      | Reached skill level 1 in Invocations
  3939 | D:4      | Reached skill level 1 in Evocations
  4085 | D:4      | Reached XP level 8. HP: 54/66 MP: 8/8
  4297 | D:5      | Entered Level 5 of the Dungeon
  4345 | D:5      | Reached skill level 7 in Unarmed Combat
  4629 | D:5      | Reached *** piety under Okawaru
  5034 | D:6      | Reached skill level 8 in Unarmed Combat
  5051 | D:6      | Noticed Pikel
  5079 | D:6      | Killed Pikel
  5079 | D:6      | Reached **** piety under Okawaru
  5079 | D:6      | Reached skill level 5 in Armour
  5079 | D:6      | Reached skill level 9 in Unarmed Combat
  5079 | D:6      | Reached XP level 9. HP: 54/72 MP: 9/9
  5092 | D:6      | Noticed Eustachio
  5124 | D:6      | Killed Eustachio
  5313 | D:6      | Found the +10 Black Knight's horse barding {ponderous,
                  | rPois rN+}
  5370 | D:6      | Reached skill level 5 in Fighting
  5393 | D:6      | Noticed Grinder
  5396 | D:6      | Paralysed by Grinder for 5 turns
  5407 | D:6      | Killed Grinder
  5867 | D:7      | Noticed Prince Ribbit
  5877 | D:7      | Killed Prince Ribbit
  5877 | D:7      | Reached skill level 10 in Unarmed Combat
  5928 | D:7      | Reached skill level 5 in Dodging
  6200 | D:7      | Noticed Menkaure
  6208 | D:7      | Killed Menkaure
  6248 | D:7      | Reached XP level 10. HP: 78/81 MP: 11/11
  6587 | D:8      | Reached skill level 11 in Unarmed Combat
  6605 | D:8      | Noticed a two-headed ogre
  7085 | D:8      | Killed a two-headed ogre
  7229 | D:8      | Found Assog's Jewellery Boutique.
  7239 | D:8      | Bought a cursed -2 ring of intelligence for 24 gold pieces
  7239 | D:8      | Bought a cursed amulet of inaccuracy for 24 gold pieces
  7239 | D:8      | Bought a cursed ring of teleportation for 54 gold pieces
  7242 | D:8      | Bought an uncursed amulet of regeneration for 360 gold
                  | pieces
  7414 | D:8      | Found a staircase to the Lair.
  7458 | D:8      | Reached ***** piety under Okawaru
  7475 | Lair:1   | Entered Level 1 of the Lair of Beasts
  7549 | Lair:1   | Noticed a six-headed hydra
  7552 | Lair:1   | Noticed a fire giant
  7552 | Lair:1   | a six-headed hydra changed into a fire giant
  7557 | Lair:1   | Demolished by a fire giant

Skill      XL: |  1  2  3  4  5  6  7  8  9 10 |
---------------+-------------------------------+-----
Dodging        | 3 4 5 |  5.2
Unarmed Combat | 4 5 6 9 10 11 | 11.8
Armour         | 1 2 3 5 6 |  6.4
Stealth        | 3 4 |  4.8
Fighting       | 4 5 |  5.5
Invocations    | 1 2 |  2.8
Evocations     | 1 2 3 |  3.1

Action                   |  1- 3 |  4- 6 |  7- 9 | 10-12 || total
-------------------------+-------+-------+-------+-------++-------
Melee: Unarmed           |   126 |   132 |   223 |    83 ||   564
       Punch             |     2 |     5 |    11 |     6 ||    24
Invok: Heroism           |       |     3 |     6 |     3 ||    12
Evoke: Wand              |       |       |    29 |     9 ||    38
  Use: Scroll            |       |     4 |     4 |     1 ||     9
       Potion            |       |       |     1 |       ||     1
 Stab: Sleeping          |       |     2 |     2 |     3 ||     7
  Eat: Chunk             |     5 |    13 |    28 |     6 ||    52
Armor: Ring mail         |    44 |    38 |    49 |    24 ||   155
       Scale mail        |       |       |       |     8 ||     8
Dodge: Dodged            |    59 |    55 |   131 |    41 ||   286
Block: Other             |       |       |     3 |     5 ||     8
